 Dungeon Crawl Stone Soup version 0.29.1-1-gd02db6906a (webtiles) character file.

Game seed: 3197393722557819258

1782 brains the Ducker (level 9, -5/63 HPs)
             Began as a Djinni Gladiator on Sept 29, 2022.
             Shot with a sling bullet by Joseph (9 damage)
             ... on level 7 of the Dungeon on Sept 30, 2022.
             The game lasted 01:03:33 (7596 turns).

brains the Ducker (Djinni Gladiator)                Turns: 7596, Time: 01:03:34

Health: -5/63      AC: 11    Str: 20    XL:     9   Next: 29%
Gold:   74         EV: 14    Int:  9    God:
                   SH:  0    Dex: 16

rFire   + + .      SeeInvis .   b - +3 triple sword (elec)
rCold   . . .      Faith    .   (shield currently unavailable)
rNeg    . . .      Spirit   .   h - +3 ring mail of Lilacs {Str+3}
rPois   ∞          Reflect  .   c - +0 helmet
rElec   .          Harm     .   (no cloak)
rCorr   .          Rampage  .   m - +0 pair of gloves
Will    +....                   (boots unavailable)
Stlth   +.........              (no amulet)
HPRegen 0.20/turn               i - ring of protection from cold
MPRegen 0.00/turn               q - ring of willpower

@: flying
A: sickness immunity, fire resistance 2, cold vulnerability 1, float, innate
caster, HP casting, extra vitality 1
a: no special abilities


You were on level 7 of the Dungeon.
You visited 1 branch of the dungeon, and saw 7 of its levels.

You collected 314 gold pieces.
You spent 240 gold pieces at shops.

Inventory:

Hand Weapons
 b - a +3 triple sword of electrocution (weapon)
 j - the +4 hand axe "Sapown" {venom, rElec rC+++ rN+ Dex-4}
   (You found it on level 6 of the Dungeon)

   It poisons the flesh of those it strikes.
   Dex:       It affects your dexterity (-4).
   rC:        It renders you almost immune to cold.
   rElec:     It insulates you from electricity.
   rN:        It protects you from negative energy.
 s - a +7 scimitar
Missiles
 d - 3 throwing nets (quivered)
Armour
 c - a +0 helmet (worn)
 h - the +3 ring mail of Lilacs (worn) {Str+3}
   (You bought it in a shop on level 6 of the Dungeon)

   Str:       It affects your strength (+3).
 m - a +0 pair of gloves (worn)
Jewellery
 i - a ring of protection from cold (left hand)
 q - a ring of willpower (right hand)
Wands
 g - a wand of mindburst (11)
Scrolls
 a - a scroll of teleportation
 e - a scroll of silence
 f - a scroll of amnesia
 o - 2 scrolls of identify
 p - a scroll of immolation
Potions
 k - a potion of mutation


   Skills:
 + Level 4.4 Fighting
 + Level 4.8(6.1) Short Blades
 + Level 5.7(6.6) Long Blades
 + Level 1.7 Throwing
 + Level 4.3 Armour
 + Level 6.3 Dodging
 + Level 1.7 Stealth


You couldn't memorise any spells.
You knew the following spells:

 Your Spells              Type           Power      Damage    Failure   Level
a - Necrotise             Necr           0%         1d4       54%         1
b - Searing Ray           Conj           0%         2d4       69%         2
c - Ozocubu's Armour      Ice            0%         N/A       89%         3
d - Hailstorm             Conj/Ice       0%         3d3       100%        4
Your spell library was empty.


Dungeon Overview and Level Annotations

Branches:
Dungeon (7/15)
 Temple: D:4-7

Altars:
Cheibriados

Shops:
D:3 [   D:4 =!!=   D:6 ([!

Annotations:
D:7 Joseph


Innate Abilities, Weirdness & Mutations

You are immune to sickness and miasma.
You are immune to poison.
Your flesh is very heat resistant. (rF++)
You are vulnerable to cold. (rC-)
You float through the air rather than walking.
You learn spells naturally, not from books.
Your magical power is your life essence.
You have superior vitality. (+4 MHP)


Message History

The kobold brigand hits you with a +0 dagger of protection.
The kobold hits you with a +0 short sword.
You closely miss the kobold. The water moccasin barely misses you.
Joseph hits you with a +3 quarterstaff!
* * * LOW HITPOINT WARNING * * *
The water moccasin bites you but does no damage.
The kobold hits you but does no damage. x2; The kobold brigand misses you.
The kobold barely misses you. Joseph hits you with a +3 quarterstaff.
* * * LOW HITPOINT WARNING * * *
The water moccasin barely misses you.
You miss the kobold. The water moccasin bites you.
* * * LOW HITPOINT WARNING * * *
The kobold barely misses you. The kobold hits you but does no damage.
The kobold closely misses you.
The kobold brigand hits you with a +0 dagger of protection.
* * * LOW HITPOINT WARNING * * *
Joseph misses you. The kobold hits you but does no damage.
The water moccasin bites you but does no damage.
The kobold brigand misses you. The kobold misses you.
The kobold hits you but does no damage.
You feel more buoyant. Joseph hits you but does no damage.
The water moccasin closely misses you.
The kobold brigand hits you but does no damage.
The kobold hits you but does no damage. The kobold barely misses you. x2
The water moccasin attacks as you move away!
The water moccasin bites you.
* * * LOW HITPOINT WARNING * * *
The kobold brigand attacks as you move away!
The kobold brigand hits you but does no damage.
Joseph attacks as you move away! Joseph barely misses you.
Joseph unwields a +3 quarterstaff.
Joseph wields a +0 sling.
Joseph shoots a sling bullet.
The sling bullet misses you.
The kobold brigand throws a poisoned dart.
The poisoned dart misses you. The kobold barely misses you.
The kobold attacks as you move away! The kobold hits you but does no damage.
The water moccasin attacks as you move away!
The water moccasin closely misses you.
The water moccasin bites you but does no damage.
Joseph shoots a sling bullet.
The sling bullet hits you!
You die...

##. #####.. .......
.......## .#
#.......# .#
........## ..#
.........## ..#
.......@..###..##
..#####.S.@.....###
##K.K.......#
#.KK.<.#...
#...)...#
#....#....#
#....###..$..
....## ##......
.... #......


You could see Joseph, a water moccasin, a kobold brigand and 3 kobolds.

Vanquished Creatures
  Sigmund (D:6)
  Menkaure (D:4)
  2 black bears (D:6)
  2 ogres
  A centaur (D:5)
  6 scorpions
  4 wights (D:6)
  A jelly (D:4)
  An orc priest (D:5)
  5 hounds
  3 orc wizards (D:5)
  3 gnolls (D:3)
  11 adders
  A worm (D:2)
  4 dart slugs
  10 orcs
  7 ball pythons
  6 endoplasms
  4 giant cockroaches
  12 goblins
  5 hobgoblins
  6 jackals
  2 quokkas
  5 bats (D:1)
  5 frilled lizards
  8 kobolds
  A rat (D:3)
117 creatures vanquished.

Notes
Turn   | Place    | Note
-------+----------+-------------------------------------------
     0 | D:1      | brains the Djinni Gladiator began the quest for the Orb.
     0 | D:1      | Reached XP level 1. HP: 18/18 MP: 0/0
   316 | D:1      | Reached XP level 2. HP: 17/23 MP: 0/0
   589 | D:1      | Reached XP level 3. HP: 25/28 MP: 0/0
   589 | D:1      | Learned a level 1 spell: Necrotise
  2071 | D:2      | Found a snail-covered altar of Cheibriados.
  2304 | D:3      | Reached XP level 4. HP: 27/33 MP: 0/0
  2319 | D:3      | Reached skill level 4 in Dodging
  2375 | D:3      | Reached skill level 1 in Armour
  2666 | D:3      | Found Varapt's Antique Armour Shop.
  2786 | D:3      | Reached XP level 5. HP: 22/38 MP: 0/0
  2786 | D:3      | Learned a level 2 spell: Searing Ray
  4100 | D:4      | Found Kuphemia's Jewellery Emporium.
  4177 | D:4      | Reached XP level 6. HP: 14/45 MP: 0/0
  4435 | D:4      | Noticed Menkaure
  4457 | D:4      | HP: 1/45 [Menkaure (12)]
  4459 | D:4      | Killed Menkaure
  4460 | D:4      | Reached skill level 1 in Stealth
  4786 | D:4      | Found Gepser's Distillery.
  4795 | D:4      | Bought a potion of curing for 39 gold pieces
  4795 | D:4      | Bought a potion of curing for 39 gold pieces
  4888 | D:4      | Noticed an ogre
  4895 | D:4      | Reached XP level 7. HP: 49/49 MP: 0/0
  4895 | D:4      | Learned a level 3 spell: Ozocubu's Armour
  4907 | D:4      | HP: 1/49 [ogre/+0 giant spiked club (20)]
  4916 | D:4      | Reached skill level 5 in Dodging
  5169 | D:4      | Found Puago's Jewellery Shop.
  5376 | D:4      | Found Sese's Distillery.
  5453 | D:5      | Entered Level 5 of the Dungeon
  5722 | D:5      | Reached skill level 1 in Long Blades
  5793 | D:5      | Reached XP level 8. HP: 30/56 MP: 0/0
  7006 | D:6      | Found Samuar's Distillery.
  7023 | D:6      | Found Neimeem's Antique Armour Shoppe.
  7033 | D:6      | Bought a masterwork ring mail for 162 gold pieces
  7033 | D:6      | Identified the +3 ring mail of Lilacs {Str+3} (You bought
                  | it in a shop on level 6 of the Dungeon)
  7040 | D:6      | Found Reotteeh's Antique Weapon Boutique.
  7086 | D:6      | Reached XP level 9. HP: 20/62 MP: 0/0
  7086 | D:6      | Learned a level 4 spell: Hailstorm
  7091 | D:6      | Reached skill level 5 in Long Blades
  7317 | D:6      | Identified the +4 hand axe "Sapown" {venom, rElec rC+++ rN+
                  | Dex-4}
  7320 | D:6      | Noticed Sigmund
  7331 | D:6      | Killed Sigmund
  7332 | D:6      | Reached skill level 6 in Dodging
  7581 | D:7      | Noticed Joseph
  7594 | D:7      | HP: 3/63 [water moccasin (2)]
  7596 | D:7      | Shot with a sling bullet by Joseph

Illustrated notes

Levels and vault maps discovered:
D:1:      dpeg_cavernosity, layout_basic
D:2:      layout_basic, basic_altar, minmay_surrounded
D:3:      minmay_chambers_of_threes, layout_basic, serial_shops, shop,
          wad_orctagon
D:4:      layout_rooms, serial_shops, nicolae_square_shop,
          nicolae_stop_n_shop_2, nicolae_shop_stone, shop_fountains,
          minmay_increasing_density, uniq_menkaure
D:5:      layout_basic, chequers_serial_rivers_micro_c, minmay_manual_macuahuitl
D:6:      layout_basic, serial_shops, shop, shop_scrolls,
          nicolae_take_the_stairs, nicolae_shop_hallway_plus,
          nicolae_diamond_shop, minmay_misc_feat_chi, kennysheep_generic_room_7,
          uniq_sigmund
D:7:      layout_layer_cave, minmay_temple_entry_crystal_x, serial_shops,
          nicolae_shop_advertising_works [nicolae_subvault_shop_adworks],
          minmay_misc_feat_four_crosses, uniq_pikel, uniq_prince_ribbit1,
          uniq_joseph

Skill      XL: |  1  2  3  4  5  6  7  8  9 |
---------------+----------------------------+-----
Short Blades   | 3 4 |  4.8
Dodging        | 4 5 6 |  6.3
Armour         | 1 2 3 4 |  4.3
Stealth        | 1 |  1.7
Fighting       | 3 4 |  4.4
Long Blades    | 1 4 5 |  5.7
Throwing       | |  1.7

Action                   |  1- 3 |  4- 6 |  7- 9 || total
-------------------------+-------+-------+-------++-------
Melee: Rapier            |    51 |       |       ||    51
       Dagger            |    82 |   223 |    21 ||   326
       Punch             |     1 |     3 |       ||     4
       Triple sword      |       |       |   150 ||   150
Throw: Throwing net      |     1 |       |       ||     1
  Use: Scroll            |     6 |     2 |     6 ||    14
       Potion            |     5 |       |     5 ||    10
Armor: Leather armour    |    43 |    40 |    42 ||   125
       Ring mail         |       |       |    61 ||    61
Dodge: Dodged            |    85 |   105 |   214 ||   404
